Map: Dusk Towers

Players

hydra - Winner!

  • Race: Zerg Zerg

Basior

  • Race: Terran Terran
  • League: Master

Event: DreamHack ZOWIE Open Leipzig

VOD

Have the link to the VOD?

Description

Time

  • Played on: Jan. 22, 2016, 7:24 a.m.
  • Length: 9:38

All games in this series

Show
View Real Time Build Order
Export as new Build Order

hydra Zerg - Winner!

Build Orders: Hatch First, Muta Ling Bane 

Get SALT Encoding   

  12  0:00  Drone  
  13  0:12  Overlord  
  13  0:17  Drone  
  14  0:30  Drone x2  
  14  0:34  Drone  
  17  0:50  Hatchery  
  17  0:53  Drone  
  17  0:57  Drone  
  17  1:03  Extractor  
  17  1:12  Spawning Pool  
  17  1:15  Drone  
  17  1:18  Drone  
  18  1:27  Drone  
  19  1:38  Overlord  
  19  1:59  Zergling x2, Queen  
  19  2:00  Zergling x2  
  23  2:02  Queen  
  23  2:03  Drone  
  23  2:04  Metabolic Boost  
  26  2:10  Drone  
  26  2:13  Drone  
  28  2:21  Drone  
  29  2:24  Drone  
  30  2:32  Drone  
  30  2:34  Queen  
  30  2:35  Overlord  
  33  2:43  Drone  
  34  2:46  Lair  
  34  2:49  Drone  
  35  2:53  Drone  
  35  2:57  Drone, Extractor  
  36  3:07  Drone x2  
  36  3:09  Drone  
  36  3:10  Queen  
  36  3:11  Drone  
  41  3:15  Drone  
  41  3:18  Overlord  
  42  3:25  Zergling x4  
  44  3:28  Overlord  
  43  3:38  Zergling x6  
  46  3:42  Drone x3  
  46  3:47  Spire  
  48  3:52  Drone  
  48  3:53  Drone x2  
  48  3:54  Extractor  
  50  3:56  Extractor  
  50  3:58  Drone  
  50  4:07  Zergling x6  
  53  4:12  Zergling x2  
  53  4:16  Zergling x12  
  60  4:21  Overlord  
  60  4:27  Overlord  
  60  4:30  Overlord  
  60  4:42  Drone  
  60  4:44  Drone  
  60  4:45  Drone  
  63  4:46  Overlord  
  63  4:59  Mutalisk  
  63  5:00  Mutalisk x4  
  63  5:04  Mutalisk  
  75  5:07  Mutalisk  
  75  5:14  Drone x3  
  79  5:15  Drone  
  79  5:20  Drone  
  79  5:21  Drone  
  83  5:32  Hatchery  
  79  5:46  Zergling x10  
  84  5:51  Drone x2  
  84  5:52  Evolution Chamber, Drone  
  84  5:54  Evolution Chamber  
  85  5:57  Overlord  
  84  6:05  Drone  
  84  6:06  Drone  
  84  6:07  Zerg Flyer Weapons Level 1  
  84  6:10  Drone  
  87  6:14  Overlord  
  87  6:20  Zerg Melee Weapons Level 1  
  87  6:21  Zerg Ground Armor Level 1  
  87  6:22  Baneling Nest  
  87  6:23  Drone  
  87  6:24  Drone x2  
  89  6:27  Drone x2  
  89  6:28  Drone  
  92  6:35  Drone x2  
  92  6:36  Zergling x2  
  95  6:44  Zergling x4  
  95  6:50  Zergling x6  
  98  6:58  Zergling x14  
  101  7:01  Zergling x2  
  101  7:05  Baneling x19  
  102  7:11  Zergling x4  
  91  7:23  Mutalisk x6  
  98  7:31  Mutalisk  
  98  7:36  Zergling x16  
  107  7:40  Extractor x2  
  105  7:47  Drone x2  
  105  7:48  Drone  
  105  7:53  Centrifical Hooks  
  105  7:54  Overlord  
  105  7:55  Overlord x3  
  105  7:59  Drone x3  
  105  8:01  Baneling  
  105  8:02  Baneling x5  
  105  8:03  Zergling x2  
  109  8:08  Baneling x4  
  109  8:09  Zergling x4  
  109  8:10  Zergling x2  
  109  8:12  Overlord  
  112  8:16  Baneling x4  
  112  8:19  Zergling x8  
  116  8:22  Baneling x3  
  116  8:27  Baneling  
  116  8:28  Baneling x2  
  116  8:33  Zergling x2  
  116  8:34  Zergling x16  
  125  8:38  Zergling x2  
  125  8:39  Zergling x4  
  116  8:51  Zergling x8  
  120  9:00  Overseer  
  118  9:06  Baneling x3  
  118  9:07  Baneling x19  
  117  9:11  Hatchery  
Show
View Real Time Build Order
Export as new Build Order

Basior Terran 

Build Orders: MMM Bio, Mass Reaper 

Get SALT Encoding   

  12  0:00  SCV  
  13  0:12  SCV  
  14  0:17  Supply Depot  
  14  0:25  SCV  
  15  0:38  SCV  
  15  0:40  Barracks  
  16  0:44  Refinery  
  16  0:50  SCV  
  17  1:03  SCV  
  18  1:15  SCV  
  19  1:27  Orbital Command  
  19  1:28  Barracks Reactor  
  19  1:38  Command Center  
  19  1:45  Refinery  
  19  1:52  SCV  
  20  1:55  Supply Depot  
  20  2:04  SCV  
  20  2:05  Reaper x2  
  23  2:15  Barracks  
  23  2:16  SCV  
  24  2:27  Barracks  
  24  2:29  SCV  
  25  2:37  Reaper x2  
  25  2:42  SCV  
  28  2:50  Orbital Command  
  28  2:54  SCV  
  29  3:06  SCV  
  30  3:13  Reaper  
  30  3:14  Reaper x2  
  30  3:18  SCV  
  34  3:21  SCV, Reaper  
  36  3:30  SCV  
  36  3:33  SCV  
  38  3:41  Supply Depot  
  38  3:42  SCV  
  38  3:46  SCV  
  38  3:47  Barracks Tech Lab  
  40  3:51  Engineering Bay  
  40  3:53  Engineering Bay  
  40  3:54  SCV  
  40  3:55  Barracks Tech Lab  
  41  3:56  Marine x2  
  41  3:58  SCV  
  44  4:02  Supply Depot  
  44  4:07  Stimpack, Marine  
  45  4:10  SCV  
  45  4:12  SCV  
  45  4:13  Marine  
  45  4:14  Marine  
  49  4:22  SCV, Marine  
  49  4:24  SCV  
  52  4:25  Terran Infantry Weapons Level 1, Terran Infantry Armor Level 1  
  52  4:33  Barracks  
  52  4:34  SCV  
  52  4:37  Barracks  
  53  4:41  SCV, Marine x2  
  53  4:45  Marine  
  57  4:46  Combat Shields, SCV, Marine  
  57  4:50  Supply Depot  
  57  4:51  Supply Depot  
  59  4:53  SCV  
  59  4:58  SCV  
  59  4:59  Supply Depot  
  61  5:00  Supply Depot  
  61  5:01  Marine  
  62  5:11  Marine x3  
  65  5:15  SCV  
  65  5:16  SCV, Barracks  
  65  5:18  Barracks  
  65  5:19  Marine  
  68  5:21  Barracks Reactor  
  68  5:24  Barracks Reactor  
  68  5:29  Marine x3  
  70  5:47  Missile Turret, Marine x2  
  70  5:48  Missile Turret  
  65  5:58  Missile Turret, Marine x2  
  65  5:59  Marine x2  
  65  6:01  Marine x2  
  71  6:05  Marine x3  
  71  6:06  Marine  
  71  6:10  Supply Depot  
  75  6:15  Marine  
  75  6:16  Marine x2  
  75  6:17  Marine  
  78  6:18  Supply Depot, Marine  
  78  6:19  Marine  
  78  6:21  Supply Depot  
  78  6:22  Concussive Shells  
  78  6:23  Factory, Marine x3  
  78  6:24  Marine  
  84  6:32  Supply Depot  
  84  6:33  Marine x2  
  84  6:34  Marine x2  
  84  6:36  Marine x2  
  90  6:40  Marine x2  
  90  6:41  Marine x2  
  90  6:51  Marine x2  
  90  6:52  Supply Depot, Marine x2  
  93  6:54  Marine x2  
  93  6:58  Marine x2  
  93  6:59  Marine x2  
  97  7:09  Marine x2  
  97  7:10  Marine x2  
  97  7:12  Marine x2  
  103  7:16  Marine x2  
  103  7:17  Marine x2  
  90  7:27  SCV x2, Marine x2  
  90  7:28  Marine x2  
  81  7:30  Armory, Factory Reactor, Marine x2  
  81  7:34  Marine x3  
  81  7:35  Marine  
  80  7:44  Marine  
  80  7:45  Marine x2  
  80  7:46  Marine  
  80  7:47  Marine  
  80  7:48  Marine  
  86  7:52  Marine x3  
  86  7:53  Refinery  
  86  7:55  Marine  
  86  7:57  Starport  
  90  8:02  Factory, Marine x2  
  90  8:03  Marine  
  90  8:04  Marine  
  94  8:05  Marine  
  95  8:15  Marine x4  
  95  8:19  Marine  
  100  8:20  Marine x2  
  100  8:21  Widow Mine x2  
  100  8:23  Marine x2  
  100  8:26  Marine  
  109  8:32  Marine x2  
  104  8:37  Marine x3  
  104  8:39  Marine x2  
  105  8:41  Marine  
  105  8:42  Medivac  
  105  8:43  Marine x2  
  72  8:49  Widow Mine  
  72  8:50  Marine x2  
  72  8:55  Marine  
  73  8:57  Marine x2  
  73  9:00  Marine  
  70  9:06  Marine  
  70  9:07  Marine x2  

Tags
 
Add a new tag
Caveats
  • Supply blocks, unpowered buildings, or Contaminate may cause inaccurate times.
  • Supply counts are checked every 10 seconds.